 Dungeon Crawl Stone Soup version 0.32-a0-931-g5a2cda0630 (webtiles) character file.

Game seed: 14847959907733011721

66 Meejax the Slasher (level 3, -1/27 HPs)
             Began as a Demonspawn Gladiator on Apr 13, 2024.
             Slain by Sigmund
             ... wielding a +0 scythe
              (7 damage)
             ... on level 2 of the Dungeon.
             The game lasted 00:06:40 (1396 turns).

Meejax the Slasher (Demonspawn Gladiator)           Turns: 1396, Time: 00:06:41

Health: -1/27      AC:  5    Str: 16    XL:     3   Next: 96%
Magic:  3/3        EV: 11    Int:  8    God:
Gold:   53         SH:  0    Dex: 14    Spells: 2/2 levels left

rFire   x . .        a - +1 long sword
rCold   + . .        (no shield)
rNeg    . . .        b - +1 leather armour
rPois   .            c - +0 helmet
rElec   .            (no cloak)
rCorr   .            (no gloves)
SInv    .            (no boots)
Will    .....        (no amulet)
Stlth   +            f - ring of ice
HPRegen 0.24/turn    (no ring)
MPRegen 0.08/turn

%: no passive effects
@: no status effects
A: hooves 1
a: no special abilities


You were on level 2 of the Dungeon.
You visited 1 branch of the dungeon, and saw 2 of its levels.

You collected 53 gold pieces.

Inventory:

Hand Weapons
 a - a +1 long sword (weapon)
Armour
 b - a +1 leather armour (worn)
 c - a +0 helmet (worn)
Jewellery
 f - a ring of ice (left hand)
 h - a ring of positive energy
Scrolls
 j - a scroll of identify


   Skills:
 + Level 2.2 Fighting
 + Level 3.4 Long Blades
 + Level 2.1 Throwing
 + Level 1.1 Armour
 + Level 3.1 Dodging
 + Level 0.1 Stealth


You had 2 spell levels left.
You didn't know any spells.
Your spell library was empty.

Dungeon Overview and Level Annotations

Branches:
Dungeon (2/15)

Altars:

Annotations:
D:2 1 runed translucent door, Crazy Yiuf, Sigmund


Innate Abilities, Weirdness & Mutations

You have large cloven feet.


Message History

Something tries to affect you, but you resist.
You see here a scroll labelled BONKUOSUSUN.
As you read the scroll labelled SONUMM UMIP, it crumbles to dust.
It is a scroll of enchant armour.
Your +0 leather armour glows green for a moment.
What are your orders? t - Shout!
Orders for allies: a - Attack new target. r - Retreat! s - Stop attacking. g - Guard the area. f - Follow me.
Anything else - Cancel.
Okay, then.
As you read the scroll labelled BONKUOSUSUN, it dissolves into smoke.
It was a scroll of fog.
You hear some strange, mumbled words.
A puff of flame appears from out of thin air!
The puff of flame misses you.
Okay, then.
What are your orders? t - Shout!
Orders for allies: a - Attack new target. r - Retreat! s - Stop attacking. g - Guard the area. f - Follow me.
Anything else - Cancel.
Okay, then.
Throw: javelin
Press: ? - help, Shift-Dir - straight line
Aim: Disturbance (blue smoke)
You throw a javelin. Something hits you.
As you read the scroll labelled MIUQEN LAREER, it crumbles to dust.
It is a scroll of enchant weapon.
Your +0 long sword glows red for a moment.
You hear some strange, mumbled words.
A puff of flame appears from out of thin air!
The puff of flame hits you! The fire burns you terribly!
* * * LOW HITPOINT WARNING * * *
You aren't carrying any potions.
Something hits you!
You die...

.### ##### ###
..(.. .§§# ..#
#...##§####.#
#....§§§§§§§#
......(§§###{§#
###.###### #§§# #
#@.# #..# #..#
#..#
####.########..#
...........##..###
###...####.##....#
#......†....)..#.#
..#...####.#####.#


There were no monsters in sight!

Vanquished Creatures
  A gnoll (D:1)
  2 adders (D:2)
  A dart slug (D:2)
  6 ball pythons
  3 bats (D:1)
  3 endoplasms
  5 giant cockroaches
  A goblin (D:2)
  4 hobgoblins (D:1)
  A quokka (D:1)
  A frilled lizard (D:2)
  2 kobolds
  5 rats (D:1)
35 creatures vanquished.

Notes
Turn   | Place    | Note
-------+----------+-------------------------------------------
     0 | D:1      | Meejax the Demonspawn Gladiator began the quest for the
                  | Orb.
     0 | D:1      | Reached XP level 1. HP: 16/16 MP: 1/1
   237 | D:1      | Gained mutation: You have large cloven feet. [demonic
                  | ancestry]
   237 | D:1      | Reached XP level 2. HP: 22/22 MP: 2/2
   599 | D:1      | Reached XP level 3. HP: 10/27 MP: 3/3
  1309 | D:2      | Found a runed translucent door.
  1310 | D:2      | Noticed Crazy Yiuf
  1351 | D:2      | Reached skill level 1 in Armour
  1379 | D:2      | Noticed Sigmund
  1396 | D:2      | Slain by Sigmund

Illustrated notes

Levels and vault maps discovered:
D:1:      dpeg_arrival_boxorama, layout_loops_ring, nrook_campfire
D:2:      layout_loops_ring, uniq_crazy_yiuf_cottage, uniq_sigmund

Skill      XL: |  1  2  3 |
---------------+----------+-----
Throwing       | 2 |  2.1
Long Blades    | 3 |  3.4
Dodging        | 3 |  3.1
Armour         | 1 |  1.1
Fighting       | |  2.2
Stealth        | |  0.1

Action                     || total
---------------------------++-------
  Melee: Long sword        ||    92
         Kick              ||    27
  Throw: Throwing net      ||     3
         Javelin           ||     1
    Use: Scroll            ||     4
         Potion            ||     1
 Armour: Leather armour    ||    62
  Dodge: Dodged            ||    55

Table legend: (Time is in decaauts)
 A = Elapsed time spent in this place.
 B = Non-inter-level travel time spent in this place.
 C = Inter-level travel time spent in this place.
 D = Time resting spent in this place.
 E = Time spent auto-exploring this place.
 F = Levels seen in this place.
 G = Mean time per level.
                   A        B        C        D        E       F      G
               +--------+--------+--------+--------+--------+-----+--------+
         Total |   1420 |   1323 |     97 |    134 |    905 |   2 |  710.0 |
       Dungeon |   1420 |   1323 |     97 |    134 |    905 |   2 |  710.0 |
               +--------+--------+--------+--------+--------+-----+--------+

Top non-repeatable levels by time:
     D:1: 1080 daAuts
     D:2: 339 daAuts
